 Dungeon Crawl Stone Soup version 0.32-a0-576-g706899e (webtiles) character file.

Game seed: 1225818157567722501

790 Remcycle the Cleaver (level 8, 0/58 HPs)
             Began as a Formicid Fighter on Mar 1, 2024.
             Was an Initiate of Qazlal.
             Slain by a polar bear (2 damage)
             ... created by the rage of Trog
             ... on level 5 of the Dungeon.
             The game lasted 00:08:34 (4353 turns).

Remcycle the Cleaver (Formicid Fighter)             Turns: 4353, Time: 00:08:35

Health: 0/58       AC:  9    Str: 23    XL:     8   Next: 12%
Magic:  8/8        EV:  9    Int:  8    God:    Qazlal [......]
Gold:   181        SH:  6    Dex: 19    Spells: 7/7 levels left

rFire   . . .        a - +0 war axe
rCold   . . .        c - +0 buckler
rNeg    . . .        b - +0 scale mail
rPois   .            (helmet unavailable)
rElec   .            (no cloak)
rCorr   .            (no gloves)
SInv    +            m - +1 pair of boots
Will    .....        (no amulet) Stlth
                     k - +6 ring of dexterity
HPRegen 0.29/turn    (no ring)
MPRegen 0.11/turn

%: no passive effects
@: mighty
A: permanent stasis, dig shafts and tunnels, antennae 3, four strong arms
a: Dig, Shaft Self, Renounce Religion


You were on level 5 of the Dungeon.
You worshipped Qazlal.
Qazlal was noncommittal.
You visited 2 branches of the dungeon, and saw 6 of its levels.

You collected 181 gold pieces.

Inventory:

Hand Weapons
 a - a +0 war axe (weapon)
Armour
 b - a +0 scale mail (worn)
 c - a +0 buckler (worn)
 m - a +1 pair of boots (worn)
Jewellery
 k - a +6 ring of dexterity (left hand)
Wands
 f - a wand of paralysis (9)
Scrolls
 i - a scroll of poison
 j - a scroll of immolation
 l - a scroll of enchant armour
 n - a scroll of identify
Potions
 d - 2 potions of resistance
 g - 4 potions of curing
 h - a potion of attraction {unknown}
 p - a potion of might


   Skills:
 - Level 3.2 Fighting
 + Level 8.8 Axes
 - Level 3.2 Armour
 - Level 4.0 Shields


You had 7 spell levels left.
You didn't know any spells.
Your spell library contained the following spells:

 Spells                   Type           Power      Damage    Failure   Level
 Lesser Beckoning         Tloc           0%         N/A       89%         2
 Momentum Strike          Conj/Tloc      0%         3d8       89%         2
 Dazzling Flash           Conj/Hex       0%         N/A       98%         3
 Volatile Blastmotes      Fire/Tloc      0%         2d10      98%         3
 Starburst                Conj/Fire      0%         6d3       100%        6
 Maxwell's Capacitive Co  Air            0%         ∞         100%        8
 Blink                    Tloc           Unusable   N/A       N/A         2

Dungeon Overview and Level Annotations

Branches:
Dungeon (5/15)             Temple (1/1) D:4

Altars:
Ashenzari
Cheibriados
Elyvilon
Fedhas
Gozag
Hepliaklqana
Kikubaaqudgha
Nemelex Xobeh
Okawaru
Qazlal
Ru
Trog
Uskayaw
Vehumet
Wu Jian
Yredelemnul
Zin
The Shining One

Annotations:
D:3 2 runed translucent doors, bignoob's ghost, amateur MDHW


Innate Abilities, Weirdness & Mutations

You cannot be hasted, slowed, berserked, paralysed or teleported.
You can dig through walls and to a lower floor.
You have a pair of large antennae on your head. (SInv)
Your four strong arms can wield two-handed weapons with a shield.


Message History

2 polar bears and 2 black bears come into view.
You feel much better.
You feel very mighty all of a sudden.
The black bear barely misses you. x2; The black bear claws you.
The black bear bites you.
The black bear claws you but does no damage.
The black bear closely misses you.
You completely miss the polar bear. You slash the black bear!
You hit the black bear. You block the black bear's attack. x2
The black bear closely misses you. The polar bear bites you!
* * * LOW HITPOINT WARNING * * *
The polar bear barely misses you. The polar bear claws you.
* * * LOW HITPOINT WARNING * * *
The black bear bites you but does no damage.
The black bear closely misses you.
The black bear claws you but does no damage.
The polar bear bites you!
* * * LOW HITPOINT WARNING * * *
The polar bear claws you but does no damage. x2
You feel much better. You block the polar bear's attack.
The polar bear claws you but does no damage.
The polar bear barely misses you. The black bear closely misses you.
The black bear claws you.
The black bear claws you but does no damage.
The polar bear bites you!
* * * LOW HITPOINT WARNING * * *
You block the polar bear's attack.
The polar bear claws you but does no damage.
Found a scroll of identify.
The polar bear bites you!
* * * LOW HITPOINT WARNING * * *
The polar bear claws you but does no damage.
The polar bear misses you. You block the black bear's attack.
The black bear barely misses you. The black bear claws you.
* * * LOW HITPOINT WARNING * * *
The polar bear attacks as it pursues you!
The polar bear bites you.
* * * LOW HITPOINT WARNING * * *
The polar bear claws you but does no damage.
The polar bear claws you.
You die...

#.......# #.......#
#...... #...# # { #...#
.# #...# ##.### #...#
?....
#######...######..#####
..(...........h@.......
#######...####hh...####
####...# #.h.....#
#......# #.....#.#
.####....### #####.# #
##### ......(..# .#.
.... .........#
#.#########..
.........#
#.........#..
.........#
#.....[......


You could see 2 polar bears and 2 black bears.

Vanquished Creatures
  Grinder (D:5)
  A water moccasin (D:5)
  An ogre (D:5)
  A scorpion (D:4)
  2 bombardier beetles
  A hound (D:4)
  A sleepcap (D:5)
  2 iguanas (D:5)
  Natasha (D:2)
  Robin (D:2)
  5 adders
  A ribbon worm (D:2)
  3 dart slugs
  5 ball pythons
  4 endoplasms
  A giant cockroach (D:2)
  21 goblins
  11 hobgoblins
  6 kobolds
  4 quokkas
  5 bats
  3 frilled lizards (D:2)
  6 rats
87 creatures vanquished.

Notes
Turn   | Place    | Note
-------+----------+-------------------------------------------
     0 | D:1      | Remcycle the Formicid Fighter began the quest for the Orb.
     0 | D:1      | Reached XP level 1. HP: 18/18 MP: 1/1
   184 | D:1      | Reached XP level 2. HP: 24/24 MP: 2/2
   471 | D:1      | Reached skill level 3 in Axes
   950 | D:2      | Reached XP level 3. HP: 28/29 MP: 3/3
  1023 | D:2      | Noticed Robin
  1056 | D:2      | Killed Robin
  1057 | D:2      | Reached skill level 4 in Axes
  1057 | D:2      | Reached XP level 4. HP: 12/35 MP: 4/4
  1286 | D:2      | Noticed Natasha
  1297 | D:2      | Killed Natasha
  1798 | D:3      | Found a faded altar of an unknown god.
  1825 | D:3      | Prayed at the altar of an unknown god.
  1825 | D:3      | Became a worshipper of Trog the Wrathful
  1825 | D:3      | Reached * piety under Trog
  1928 | D:3      | Found a runed translucent door.
  1929 | D:3      | Noticed bignoob's ghost (amateur MDHW)
  1929 | D:3      | Noticed a bullfrog
  1989 | D:3      | Reached skill level 5 in Axes
  1989 | D:3      | Reached XP level 5. HP: 16/41 MP: 5/5
  2606 | D:3      | Found a runed translucent door.
  2813 | D:4      | Reached XP level 6. HP: 44/47 MP: 6/6
  2839 | D:4      | Reached skill level 6 in Axes
  2915 | D:4      | Found a staircase to the Ecumenical Temple.
  3136 | D:4      | Reached ** piety under Trog
  3957 | Temple   | Entered the Ecumenical Temple
  3974 | Temple   | Fell from the grace of Trog
  3974 | Temple   | Became a worshipper of Qazlal Stormbringer
  4004 | D:5      | Entered Level 5 of the Dungeon
  4017 | D:5      | Noticed Grinder
  4025 | D:5      | Killed Grinder
  4026 | D:5      | Reached skill level 7 in Axes
  4026 | D:5      | Reached XP level 7. HP: 40/52 MP: 7/7
  4106 | D:5      | Reached skill level 8 in Axes
  4322 | D:5      | Noticed a water moccasin
  4331 | D:5      | Killed a water moccasin
  4332 | D:5      | Reached XP level 8. HP: 19/58 MP: 8/8
  4349 | D:5      | Noticed a polar bear
  4349 | D:5      | Noticed a polar bear
  4353 | D:5      | HP: 2/58 [polar bear[the rage of Trog] (1)]
  4353 | D:5      | Slain by a polar bear

Illustrated notes

Levels and vault maps discovered:
D:1:      dpeg_arrival_simpleton_c, layout_basic
D:2:      layout_rooms, serial_corexii_hall, chequers_hall_statues_y,
          chequers_hall_statues_y, uniq_robin, uniq_natasha
D:3:      layout_basic, serial_glass, glass_columns_a, glass_columns_a,
          glass_columns_a, glass_columns_a, shapermc_ecumenical_altar_ellora,
          ebering_ghost_sewer_f
D:4:      layout_layer_cave, minmay_temple_entry_junction_2
D:5:      layout_basic, kennysheep_generic_room_14, uniq_grinder,
          uniq_eustachio, uniq_sigmund
Temple:   eino_narrow_crystal_temple

Skill      XL: |  1  2  3  4  5  6  7 |
---------------+----------------------+-----
Axes           | 3 4 5 7 8 |  8.8
Fighting       | |  3.2
Armour         | |  3.2
Shields        | |  4.0

Action                     |  1- 3 |  4- 6 |  7- 9 || total
---------------------------+-------+-------+-------++-------
  Melee: War axe           |    89 |   116 |    22 ||   227
Ability: Dig               |       |     1 |       ||     1
    Use: Potion            |     1 |       |     3 ||     4
         Scroll            |       |     9 |       ||     9
 Armour: Scale mail        |    77 |    71 |    36 ||   184
  Dodge: Dodged            |    56 |    51 |    14 ||   121
  Block: Buckler           |    29 |    17 |     7 ||    53

Table legend: (Time is in decaauts)
 A = Elapsed time spent in this place.
 B = Non-inter-level travel time spent in this place.
 C = Inter-level travel time spent in this place.
 D = Time resting spent in this place.
 E = Time spent auto-exploring this place.
 F = Levels seen in this place.
 G = Mean time per level.
                   A        B        C        D        E       F      G
               +--------+--------+--------+--------+--------+-----+--------+
         Total |   4421 |   4317 |    104 |    115 |   3529 |   6 |  736.8 |
       Dungeon |   4388 |   4284 |    104 |    115 |   3529 |   5 |  877.6 |
        Temple |     32 |     32 |      0 |      0 |      0 |   1 |   32.0 |
               +--------+--------+--------+--------+--------+-----+--------+

Top non-repeatable levels by time:
     D:4: 1205 daAuts
     D:3: 1065 daAuts
     D:1: 926 daAuts
     D:2: 838 daAuts
     D:5: 353 daAuts
  Temple: 32 daAuts
